AoeStats
← nisserman

Lombardia

507661031Analyzed
3v3 RM · 14d ago on Sep 19, 2026· 68m 24s· 6 players
Game mode
Random Map
Map size
Normal (6 player)
Population
200
Speed
Normal
Resources
Standard
Victory
Conquest
Starting age
Dark Age
Ending age
Imperial Age
RankedLock teamsTeams togetherTeam positionsShared explorationLock speedFull tech treeHidden civsTurbo modeCheats
Victory
Defeat
🇲🇽 Georgians · Mexico
1031
+16
🇲🇽 Mongols · Mexico
1030
+16
🇲🇽 Huns · Mexico
1014
+16
🇺🇸 Ethiopians · United States
1040
-17
🇺🇸 Franks · United States
1021
-16
🇺🇸 Spanish · United States
1004
-15
nisserman
12:21 Feudal Age
18:03 Castle Age
19:46 Padded Archer Armor
20:18 Loom
25:25 Wheelbarrow
24:48 Double-Bit Axe
33:11 Horse Collar
34:00 Leather Archer Armor
35:18 Bow Saw
36:20 Hand Cart
42:02 Imperial Age
44:07 Fletching
44:49 Ring Archer Armor
43:58 Elite Skirmisher
44:45 Thumb Ring
47:13 Chemistry
46:36 Ballistics
46:25 Pikeman
47:10 Bodkin Arrow
49:14 Bracer
Kicka
9:06 Loom
10:51 Feudal Age
12:06 Double-Bit Axe
13:59 Scale Barding Armor
21:31 Castle Age
21:06 Forging
22:34 Bow Saw
22:05 Light Cavalry
23:10 Chain Barding Armor
24:31 Wheelbarrow
23:33 Pikeman
25:04 Husbandry
31:14 Fletching
32:40 Hand Cart
36:23 Scale Mail Armor
37:13 Gold Mining
39:03 Gold Shaft Mining
41:39 Imperial Age
38:56 Town Watch
40:24 Masonry
40:17 Squires
40:38 Chain Mail Armor
40:59 Iron Casting
42:50 Cavalier
42:52 Halberdier
43:19 Gambesons
44:12 Plate Barding Armor
44:37 Blast Furnace
45:40 Paladin
60:17 Bodkin Arrow
walzy31
2:20 Loom
11:38 Feudal Age
13:00 Wheelbarrow
12:10 Horse Collar
12:28 Double-Bit Axe
28:29 Castle Age
26:54 Forging
27:33 Scale Mail Armor
27:42 Stone Mining
30:23 Bow Saw
30:22 Gold Mining
33:11 Gold Shaft Mining
33:10 Squires
34:17 Royal Heirs
34:38 Arson
39:11 Imperial Age
38:30 Iron Casting
38:11 Chain Mail Armor
41:19 Blast Furnace
40:51 Plate Mail Armor
40:17 Fletching
41:20 Conscription
51:41 Bodkin Arrow
52:41 Elite Shotel Warrior
Gerardomoar89
9:56 Feudal Age
10:47 Horse Collar
10:56 Double-Bit Axe
15:48 Bloodlines
17:45 Forging
20:54 Loom
22:36 Gold Mining
25:40 Castle Age
24:33 Stone Mining
26:09 Elite Skirmisher
27:41 Bow Saw
29:51 Ballistics
30:26 Wheelbarrow
30:20 Fletching
30:56 Heavy Plow
31:14 Bow Saw
31:39 Husbandry
32:20 Iron Casting
31:44 Bodkin Arrow
31:50 Padded Archer Armor
33:56 Leather Archer Armor
35:03 Iron Casting
34:34 Scale Barding Armor
40:43 Imperial Age
41:55 Parthian Tactics
40:54 Heavy Cavalry Archer
42:01 Hand Cart
45:52 Bracer
51:17 Light Cavalry
53:09 Caravan
53:49 Hussar
55:33 Blast Furnace
54:54 Chain Barding Armor
58:10 Gold Shaft Mining
62:18 Conscription
61:20 Elite Tarkan
62:14 Marauders
67:03 Capped Ram
PacoArc
11:02 Feudal Age
17:07 Castle Age
15:54 Forging
16:05 Double-Bit Axe
17:21 Bloodlines
18:14 Loom
18:35 Husbandry
21:51 Wheelbarrow
24:19 Scale Barding Armor
25:43 Iron Casting
28:03 Hand Cart
33:50 Imperial Age
31:46 Gold Mining
32:03 Town Watch
32:57 Bow Saw
32:35 Horse Collar
33:26 Heavy Plow
36:17 Blast Furnace
37:08 Conscription
36:48 Stone Mining
38:31 Chain Barding Armor
38:55 Crop Rotation
39:56 Plate Barding Armor
39:06 Pikeman
39:48 Squires
42:02 Ballistics
42:43 Chemistry
41:48 Scale Mail Armor
44:45 Elite Monaspa
56:15 Caravan
57:43 Halberdier
RKO KINGSLAYER
6:06 Loom
8:42 Feudal Age
9:23 Double-Bit Axe
11:14 Horse Collar
21:06 Castle Age
19:41 Forging
20:41 Gold Mining
22:50 Gold Shaft Mining
22:28 Bow Saw
22:50 Husbandry
25:56 Bloodlines
29:36 Wheelbarrow
33:12 Fletching
33:31 Thumb Ring
36:40 Imperial Age
34:27 Hand Cart
33:59 Town Watch
34:47 Bodkin Arrow
34:53 Padded Archer Armor
35:01 Heavy Plow
36:33 Iron Casting
36:55 Stone Mining
37:56 Parthian Tactics
38:56 Conscription
37:57 Elite Mangudai
39:21 Ballistics
40:02 Chemistry
40:57 Light Cavalry
42:11 Hussar
43:30 Bracer
43:45 Leather Archer Armor
54:01 Blast Furnace
53:07 Scale Barding Armor
56:25 Chain Barding Armor
Connection lost

Rejoining the realm…

Still unreachable

The connection could not be restored.

Session expired

The server has moved on; the page needs a fresh start.